 Dungeon Crawl Stone Soup version 0.25-a0-576-g50b708a4c4 (webtiles) character file.

Game seed: 15066158997308960262, levelgen mode: deterministic

607 Flugslaktarn the Chopper (level 7, -14/64 HPs)
             Began as a Deep Dwarf Fighter on Mar 1, 2020.
             Demolished by an ogre
             ... wielding a +0 giant club
              (17 damage)
             ... on level 5 of the Dungeon.
             The game lasted 00:01:11 (1346 turns).

Flugslaktarn the Chopper (Deep Dwarf Fighter)       Turns: 1346, Time: 00:01:11

Health: -14/64     AC:  9    Str: 21    XL:     7   Next: 19%
Magic:  6/6        EV:  7    Int:  9    God:
Gold:   167        SH: 10    Dex: 12    Spells: 6/6 levels left

rFire    . . .     SeeInvis .   a - +0 war axe
rCold    . . .     Gourm    .   c - +0 kite shield
rNeg     . . .     Faith    .   b - +0 scale mail
rPois    .         Spirit   .   g - +1 hat
rElec    .         Reflect  .   (no cloak)
rCorr    .         Harm     .   (no gloves)
MR       +....                  i - +0 pair of boots
Stlth    ..........             (no amulet)
HPRegen  0.00/turn              (no ring)
MPRegen  0.10/turn              (no ring)

@: non-regenerating
A: damage resistance, heal wounds, sense surroundings 1, no regeneration
a: Heal Wounds


You were on level 5 of the Dungeon.
You were not hungry.

You visited 1 branch of the dungeon, and saw 5 of its levels.

You collected 167 gold pieces.

Inventory:

Hand Weapons
 a - a +0 war axe (weapon)
Armour
 b - a +0 scale mail (worn)
 c - a +0 kite shield (worn)
 g - a +1 hat (worn)
   (You found it on level 4 of the Dungeon)
 i - a +0 pair of boots (worn)
   (You found it on level 1 of the Dungeon)
Jewellery
 n - an uncursed ring of protection from fire {unknown}
   (You found it on level 4 of the Dungeon)
Scrolls
 f - a scroll of identify {unknown}
 h - a scroll of magic mapping {unknown}
 j - a scroll of blinking {unknown}
 k - 3 scrolls of remove curse {unknown}
 q - a scroll of enchant armour {unknown}
Potions
 d - a potion of might
 l - 2 potions of resistance {unknown}
 m - a potion of flight {unknown}
 o - 2 potions of haste {unknown}
 r - a potion of curing {unknown}
Comestibles
 e - a ration
 p - a chunk of flesh


   Skills:
 + Level 4.1 Fighting
 * Level 5.7 Axes
 + Level 5.0 Armour
 + Level 5.0 Shields


You had 6 spell levels left.
You didn't know any spells.
Your spell library was empty.

Dungeon Overview and Level Annotations

Branches:
Dungeon (5/15)
 Temple: D:4-7

Altars:


Innate Abilities, Weirdness & Mutations

You are resistant to damage.
You can heal yourself by infusing magical energy.
You passively map a small area around you.
You do not regenerate.


Message History

The worker ant barely misses you.
You are too injured to fight recklessly!
You are too injured to fight recklessly!
You are too injured to fight recklessly!
You are too injured to fight recklessly!
You are too injured to fight recklessly!
You are too injured to fight recklessly!
You are too injured to fight recklessly!
You are too injured to fight recklessly!
You are too injured to fight recklessly!
You are too injured to fight recklessly!
You fail to use your ability.
The ogre hits you with a +0 giant club!
* * * LOW HITPOINT WARNING * * *
You block the worker ant's attack.
You are too injured to fight recklessly!
You are too injured to fight recklessly!
You fail to use your ability.
The worker ant bites you but does no damage.
The ogre hits you with a +0 giant club!!
You die...

.........#........#
*
.........'........#
,
.........#........#
,..###..###......##
..###..###......#
..................#
, *
..................#
..................
........@........
,, , ,
.......aO.......
................
................ *+
* #..##..###...## *
* #.. #.. * ...# ,
,,.., ... ...# , ,
...., ,..# , , ,


You could see an ogre and a worker ant.

Vanquished Creatures
  3 ogres (D:4)
  A bullfrog (D:5)
  A howler monkey (D:4)
  An orc priest (D:4)
  2 orc wizards (D:4)
  2 worker ants (D:4)
  5 adders
  An adder skeleton (D:4)
  A worm (D:2)
  2 dart slugs
  8 leopard geckos
  11 orcs (D:4)
  5 bats
  2 giant cockroaches (D:4)
  6 hobgoblins
  A quokka (D:2)
  2 ball pythons
  2 frilled lizards
  A giant cockroach zombie (D:2)
  3 kobolds
  A leopard gecko skeleton (D:4)
  A quokka zombie (D:5)
  2 rats
64 creatures vanquished.

Notes
Turn   | Place    | Note
-------+----------+-------------------------------------------
     0 | D:1      | Flugslaktarn the Deep Dwarf Fighter began the quest for the
                  | Orb.
     0 | D:1      | Reached XP level 1. HP: 20/20 MP: 1/1
    77 | D:1      | Reached XP level 2. HP: 20/27 MP: 2/2
   239 | D:2      | Reached XP level 3. HP: 30/33 MP: 3/3
   440 | D:4      | Noticed an ogre
   449 | D:4      | Killed an ogre
   449 | D:4      | Reached XP level 4. HP: 23/42 MP: 4/4
   481 | D:4      | Reached XP level 5. HP: 49/49 MP: 5/5
   655 | D:4      | Reached XP level 6. HP: 37/56 MP: 6/6
   824 | D:4      | Reached skill level 5 in Axes
   866 | D:4      | HP: 1/57 [ogre/+0 giant spiked club (25)]
  1017 | D:4      | Reached XP level 7. HP: 56/64 MP: 6/6
  1226 | D:5      | Entered Level 5 of the Dungeon
  1232 | D:5      | Reached skill level 5 in Armour
  1232 | D:5      | Reached skill level 5 in Shields
  1345 | D:5      | HP: 3/64 [ogre/+0 giant club (16)]
  1346 | D:5      | Demolished by an ogre

Levels and vault maps discovered:
D:1:      dpeg_arrival_rhombus, layout_loops_ring, minmay_cupped
D:2:      layout_rooms, marbit_many_paths
D:3:      layout_basic
D:4:      layout_basic, gup_sewer_entry_bubbles, chequers_decorated_corner
D:5:      layout_gridville, first_ration

Skill      XL: |  1  2  3  4  5  6  7 |
---------------+----------------------+-----
Axes           | 3 4 5 |  5.7
Fighting       | 3 4 |  4.1
Armour         | 4 5 |  5.0
Shields        | 4 5 |  5.0

Action                   |  1- 3 |  4- 6 |  7- 9 || total
-------------------------+-------+-------+-------++-------
Melee: War axe           |   104 |    99 |    53 ||   256
 Abil: Heal Wounds       |     1 |     9 |     1 ||    11
  Eat: Chunk             |       |     1 |     1 ||     2
Armor: Scale mail        |    61 |    51 |    19 ||   131
Dodge: Dodged            |    41 |    32 |    18 ||    91
Block: Kite shield       |    72 |    61 |    29 ||   162

Table legend:
 A = Non-vault XP
 B = Vault XP
 C = Vault XP percentage of total XP
 D = Non-vault monster count
 E = Vault monster count
 F = Vault count percentage of total count
                 A         B        C        D         E       F
            +---------+---------+-------+---------+---------+-------
      Total |     818 |      50 |   5.8 |      53 |      11 |  17.2
            +---------+---------+-------+---------+---------+-------
        D:1 |      10 |       9 |  47.4 |       7 |       3 |  30.0
        D:2 |      41 |       1 |   2.4 |      13 |       1 |   7.1
        D:3 |       2 |       0 |   0.0 |       2 |       0 |   0.0
        D:4 |     653 |      40 |   5.8 |      27 |       7 |  20.6
        D:5 |     112 |       0 |   0.0 |       4 |       0 |   0.0
            +---------+---------+-------+---------+---------+-------
